 Dungeon Sprint DCSS version 0.17-a0-1632-g0af21bd (webtiles) character file.

49 Kidiri the Shield-Bearer (level 3, -12/23 HPs)
             Began as a Gargoyle Fighter on Aug 3, 2015.
             Was an Initiate of Okawaru.
             Mangled by a hill giant
             ... wielding a +0 giant club
              (24 damage)
             ... in the Dungeon (Sprint IX: "|||||||||||||||||||||||||||||").
             The game lasted 00:01:24 (371 turns).

Kidiri the Shield-Bearer (Gargoyle Fighter)          Turns: 371, Time: 00:01:25

Health: -12/23     AC: 18    Str: 20    XL:     3   Next: 75%
Magic:  3/3        EV:  8    Int:  8    God:    Okawaru [......]
Gold:   0          SH: 10    Dex:  9    Spells: 0 memorised, 2 levels left

rFire  . . .     SeeInvis .     a - +0 flail
rCold  . . .     Clarity  .     s - +1 chain mail
rNeg   + . .     SustAt   .     c - +0 shield
rPois  ∞         Gourm    .     r - +0 helmet
rElec  +         Spirit   .     (no cloak)
rCorr  .         Warding  .     (no gloves)
rMut   .         NoTele   +     q - +0 pair of boots
MR     .....                    (no amulet)
Stlth  ..........               u - +2 ring of evasion
                                t - +2 ring of protection

@: not resistant to hostile enchantments, extremely unstealthy
A: negative energy resistance 1, electricity resistance, unbreathing,
petrification resistance, rot immunity, AC +3
a: Renounce Religion


You were in the Dungeon.
You worshipped Okawaru.
Okawaru was noncommittal.
You were not hungry.

You visited 1 branch

Inventory:

Hand weapons
 a - a +0 flail (weapon)
Armour
 c - a +0 shield (worn)
 q - a +0 pair of boots (worn)
 r - a +0 helmet (worn)
 s - a +1 chain mail (worn)
Jewellery
 t - a +2 ring of protection (left hand)
 u - a +2 ring of evasion (right hand)
Magical devices
 p - a wand of fire (7)
Scrolls
 k - 2 scrolls of blinking
 n - 3 scrolls of remove curse
 o - 2 scrolls of amnesia
Potions
 d - a potion of might
 f - 5 potions of curing
 g - 2 potions of heal wounds
 h - a potion of haste
 i - 4 potions of magic
 j - a potion of berserk rage
 m - a potion of invisibility
Comestibles
 e - a bread ration
 l - a chunk of flesh


   Skills:
 - Level 3.2 Fighting
 + Level 3.5 Maces & Flails
 * Level 5.8 Armour
 * Level 6.0 Shields
 + Level 0.0 Invocations


You had 2 spell levels left.
You didn't know any spells.

Dungeon Overview and Level Annotations

Branches:
Dungeon (1/1)

Altars:
Cheibriados
Dithmenos
Elyvilon
Fedhas
Gozag
Kikubaaqudgha
Makhleb
Nemelex Xobeh
Okawaru
Qazlal
Ru
Sif Muna
Trog
Vehumet
Xom
Yredelemnul
Zin
The Shining One
Beogh
Jiyva
Lugonu


Innate Abilities, Weirdness & Mutations

You are resistant to torment.
Your stone body is resilient (AC +3).
You are immune to poison.
You resist negative energy.
You are resistant to electric shocks.
You can survive without breathing.
You are immune to petrification.
You are immune to rotting.


Message History

The orc wizard gestures wildly while chanting.
The orc wizard blinks!
You hit the orc wizard but do no damage.
The orc wizard is severely wounded.
You block the orc wizard's attack.
The orc wizard hits you but does no damage.
The hill giant hits you but does no damage.
You closely miss the orc wizard.
The orc wizard is severely wounded.
The orc wizard hits you with a dagger of venom.
The orc wizard hits you but does no damage.
The hill giant misses you.
A sky beast appears from thin air!
Reactivating autopickup.
You hit the orc wizard but do no damage.
The orc wizard is severely wounded.
The orc wizard hits you but does no damage.
The orc wizard closely misses you.
The hill giant hits you with a giant club!!
Ouch! That really hurt!
You die...

▓_▓
▓_▓
▓_▓
▓'▓
▓.▓
▓.▓
▓|▓
▓o▓
▓@▓
▓C▓
▓Y▓
▓O▓
▓Y▓
▓c▓
▓.▓
▓.▓
▓.▓


You could see a hill giant, a yak, a two-headed ogre, a sky beast, a centaur and
an orc wizard.

Vanquished Creatures
  An orc wizard (D)
  An adder (D)
  A giant gecko (D)
  A bat zombie (D)
  2 hobgoblins (D)
  A kobold (D)
  A quokka (D)
  A bat (D)
  A quokka skeleton (D)
10 creatures vanquished.

Notes
Turn   | Place    | Note
--------------------------------------------------------------
     0 | D        | Kidiri the Gargoyle Fighter began the quest for the Orb.
     0 | D        | Reached XP level 1. HP: 14/14 MP: 1/1
    11 | D        | Reached skill level 4 in Shields
    25 | D        | Reached XP level 2. HP: 9/19 MP: 2/2
   195 | D        | Noticed an orc wizard
   201 | D        | Killed an orc wizard
   201 | D        | Reached skill level 5 in Armour
   201 | D        | Reached skill level 5 in Shields
   201 | D        | Reached XP level 3. HP: 12/23 MP: 3/3
   221 | D        | Reached skill level 6 in Shields
   230 | D        | Found a glowing silver altar of Zin.
   230 | D        | Found a glowing golden altar of the Shining One.
   230 | D        | Found an ancient bone altar of Kikubaaqudgha.
   230 | D        | Found a basalt altar of Yredelemnul.
   230 | D        | Found a shimmering altar of Xom.
   230 | D        | Found a radiant altar of Vehumet.
   231 | D        | Found an iron altar of Okawaru.
   232 | D        | Found a burning altar of Makhleb.
   233 | D        | Found a deep blue altar of Sif Muna.
   234 | D        | Found a bloodstained altar of Trog.
   235 | D        | Found a sparkling altar of Nemelex Xobeh.
   236 | D        | Found a white marble altar of Elyvilon.
   237 | D        | Found a roughly hewn altar of Beogh.
   238 | D        | Found a viscous altar of Jiyva.
   239 | D        | Became a worshipper of Warmaster Okawaru
   240 | D        | Found a corrupted altar of Lugonu.
   241 | D        | Found a blossoming altar of Fedhas.
   242 | D        | Found a snail-covered altar of Cheibriados.
   243 | D        | Found a shadowy altar of Dithmenos.
   244 | D        | Found a stormy altar of Qazlal.
   245 | D        | Found an opulent altar of Gozag.
   246 | D        | Found a sacrificial altar of Ru.
   352 | D        | Noticed a hill giant
   352 | D        | Noticed an orc wizard
   352 | D        | Noticed a yak
   352 | D        | Noticed a two-headed ogre
   352 | D        | Noticed a sky beast
   352 | D        | Noticed a centaur
   371 | D        | Mangled by a hill giant

Vault maps used:
D:        linesprint

Action                   || total
-------------------------++-------
Melee: Flail             ||    61
  Use: Potion            ||     1
